[ AOE2 MATCH · #506922439 ]
UnrankedCelts vs Spanish
Player's team · LOSS
Rival team · WIN
[ REPLAY ANALYSIS · EXTRACTED FROM THE RECORDED GAME ]
Feudal
10:25
Castle
14:29
Imperial
—
| APM avg | 70.3 |
| APM peak | 131 |
| eAPM avg | 32.8 |
| Villagers / military | 74 / 46 |
Focus
⚔️ 59.0% · 🌾 41.0%
Scorpion ×29 · Monk ×8 · Militia ×5 · Mangonel ×4
Feudal
9:01
Castle
19:52
Imperial
—
| APM avg | 60.8 |
| APM peak | 94 |
| eAPM avg | 23.0 |
| Villagers / military | 44 / 29 |
Focus
⚔️ 41.4% · 🌾 58.6%
Militia ×8 · Archer ×7 · Mangonel ×6 · Conquistador ×5 · Skirmisher ×3
Match map
Initial resources + every placement click. Lines = walls · curves = elevation contours. ◆ gold · ⬟ stone · ● berries · ✦ relic · ◌ wall gap
Your base· Open — 4t gap
CTM | Pentrus's base· Open — 1t gap
Smoothed initial terrain · ◌ = detected wall gap · hover for details
Inputs per minute
— Learning - - CTM | Pentrus
Build order — Learning
First 150 of 159 actions detected
| 0:00 | Queue | Villager (Male) ×4 |
| 0:01 | Queue | Villager (Male) ×4 |
| 0:02 | Build | House |
| 0:03 | Build | House |
| 1:30 | Queue | Villager (Male) |
| 1:30 | Queue | Villager (Male) |
| 1:54 | Queue | Villager (Male) |
| 1:55 | Queue | Villager (Male) |
| 1:57 | Build | Lumber Camp |
| 2:19 | Queue | Villager (Male) |
| 2:19 | Queue | Villager (Male) |
| 2:19 | Queue | Villager (Male) |
| 2:42 | Queue | Villager (Male) |
| 2:42 | Queue | Villager (Male) |
| 2:42 | Queue | Villager (Male) |
| 3:09 | Queue | Villager (Male) |
| 3:09 | Queue | Villager (Male) |
| 3:09 | Queue | Villager (Male) |
| 3:26 | Queue | Villager (Male) |
| 3:26 | Queue | Villager (Male) |
| 3:26 | Queue | Villager (Male) |
| 3:36 | Build | House |
| 3:58 | Queue | Villager (Male) |
| 3:58 | Queue | Villager (Male) |
| 3:59 | Queue | Villager (Male) |
| 4:11 | Build | Mill |
| 4:19 | Build | Barracks |
| 4:26 | Queue | Villager (Male) |
| 4:26 | Queue | Villager (Male) |
| 4:50 | Queue | Villager (Male) |
| 4:51 | Queue | Villager (Male) |
| 5:16 | Build | Mill |
| 5:21 | Queue | Militia |
| 5:21 | Queue | Militia |
| 5:21 | Queue | Militia |
| 5:21 | Queue | Militia |
| 5:47 | Build | House |
| 5:49 | Build | Palisade Wall |
| 5:55 | Build | Palisade Wall |
| 5:55 | Build | Palisade Wall |
| 6:00 | Queue | Villager (Male) |
| 6:00 | Queue | Villager (Male) |
| 6:19 | Queue | Militia |
| 6:41 | Queue | Villager (Male) |
| 7:00 | Queue | Villager (Male) |
| 7:04 | Build | Palisade Wall |
| 7:13 | Queue | Villager (Male) |
| 7:19 | Build | Mining Camp |
| 7:28 | Queue | Villager (Male) |
| 7:31 | Queue | Villager (Male) |
| 7:57 | Queue | Villager (Male) |
| 8:03 | Build | House |
| 8:15 | Research | Feudal Age |
| 8:15 | Research | Feudal Age |
| 8:15 | Research | Feudal Age |
| 8:29 | Build | House |
| 8:33 | Build | Palisade Wall |
| 8:35 | Build | Palisade Wall |
| 8:40 | Build | Palisade Wall |
| 8:51 | Queue | Villager (Male) |
| 10:21 | Queue | Villager (Male) |
| 10:25 | Age | Feudal Age |
| 10:28 | Build | Market |
| 10:30 | Build | Blacksmith |
| 10:42 | Queue | Villager (Male) |
| 11:49 | Research | Castle Age |
| 11:49 | Research | Castle Age |
| 14:00 | Build | Palisade Wall |
| 14:18 | Research | Loom |
| 14:22 | Queue | Villager (Male) |
| 14:29 | Age | Castle Age |
| 14:32 | Build | Siege Workshop |
| 14:40 | Build | Siege Workshop |
| 14:41 | Queue | Villager (Male) |
| 14:47 | Build | Monastery |
| 14:55 | Queue | Scorpion |
| 15:06 | Queue | Scorpion |
| 15:07 | Queue | Scorpion |
| 15:26 | Queue | Villager (Male) |
| 15:26 | Queue | Villager (Male) |
| 16:03 | Queue | Scorpion |
| 16:03 | Queue | Scorpion |
| 16:11 | Build | Farm |
| 16:46 | Research | Loom |
| 16:50 | Queue | Scorpion |
| 16:50 | Queue | Scorpion |
| 16:50 | Queue | Scorpion |
| 17:01 | Queue | Scorpion |
| 17:35 | Queue | Monk |
| 17:38 | Queue | Villager (Male) |
| 17:38 | Queue | Villager (Male) |
| 17:38 | Queue | Villager (Male) |
| 17:41 | Build | House |
| 17:50 | Queue | Scorpion |
| 17:51 | Queue | Scorpion |
| 18:14 | Queue | Monk |
| 18:28 | Build | House |
| 18:31 | Queue | Scorpion |
| 18:31 | Queue | Scorpion |
| 18:43 | Build | Farm |
| 18:43 | Build | Farm |
| 18:59 | Queue | Scorpion |
| 18:59 | Queue | Scorpion |
| 19:25 | Queue | Villager (Male) |
| 19:25 | Queue | Villager (Male) |
| 19:34 | Build | House |
| 19:42 | Build | Siege Workshop |
| 20:29 | Queue | Villager (Male) |
| 20:29 | Queue | Villager (Male) |
| 20:33 | Queue | Scorpion ×3 |
| 20:33 | Queue | Scorpion ×3 |
| 20:56 | Queue | Scorpion |
| 20:57 | Queue | Scorpion |
| 21:01 | Queue | Mangonel |
| 21:01 | Queue | Mangonel |
| 21:02 | Queue | Villager (Male) |
| 21:02 | Queue | Villager (Male) |
| 21:04 | Build | Farm |
| 21:37 | Queue | Villager (Male) |
| 21:37 | Queue | Villager (Male) |
| 21:50 | Queue | Villager (Male) ×2 |
| 21:55 | Queue | Scorpion ×2 |
| 21:59 | Build | House |
| 22:00 | Build | House |
| 22:15 | Build | House |
| 22:21 | Queue | Villager (Male) |
| 22:36 | Queue | Scorpion |
| 22:36 | Queue | Scorpion |
| 22:49 | Queue | Monk |
| 22:49 | Queue | Monk |
| 22:49 | Queue | Monk |
| 23:04 | Queue | Villager (Male) |
| 23:04 | Queue | Villager (Male) |
| 23:04 | Queue | Villager (Male) |
| 23:04 | Queue | Villager (Male) |
| 23:13 | Build | Mining Camp |
| 23:28 | Build | Palisade Wall |
| 23:35 | Queue | Monk |
| 23:37 | Queue | Villager (Male) |
| 23:37 | Queue | Villager (Male) |
| 24:15 | Queue | Villager (Male) |
| 24:17 | Queue | Mangonel |
| 24:17 | Queue | Mangonel |
| 24:22 | Queue | Villager (Male) |
| 24:49 | Build | House |
| 24:51 | Queue | Villager (Male) |
| 25:13 | Queue | Villager (Male) |
| 25:17 | Build | Outpost |
| 25:24 | Queue | Villager (Male) |
| 25:28 | Build | Outpost |
Build order — CTM | Pentrus
118 actions detected in the replay
| 0:01 | Queue | Villager (Male) |
| 0:01 | Queue | Villager (Male) |
| 0:03 | Build | House |
| 0:07 | Build | House |
| 0:10 | Queue | Villager (Male) |
| 0:19 | Queue | Villager (Male) |
| 1:45 | Queue | Villager (Male) |
| 1:45 | Queue | Villager (Male) |
| 1:46 | Queue | Villager (Male) |
| 1:52 | Build | Lumber Camp |
| 2:35 | Queue | Villager (Male) |
| 2:38 | Queue | Villager (Male) |
| 3:05 | Queue | Villager (Male) |
| 3:06 | Queue | Villager (Male) |
| 3:41 | Queue | Villager (Male) |
| 3:42 | Queue | Villager (Male) |
| 3:55 | Build | House |
| 4:16 | Queue | Villager (Male) |
| 4:16 | Queue | Villager (Male) |
| 4:21 | Queue | Villager (Male) |
| 4:39 | Queue | Villager (Male) |
| 4:46 | Build | Barracks |
| 5:01 | Build | House |
| 5:23 | Queue | Villager (Male) |
| 5:23 | Queue | Villager (Male) |
| 6:20 | Queue | Villager (Male) |
| 6:51 | Research | Feudal Age |
| 6:51 | Research | Feudal Age |
| 7:31 | Queue | Militia |
| 7:31 | Queue | Militia |
| 7:34 | Build | Mining Camp |
| 7:57 | Queue | Militia |
| 8:12 | Queue | Villager (Male) |
| 8:39 | Research | Loom |
| 8:39 | Queue | Villager (Male) |
| 8:42 | Build | Palisade Wall |
| 8:44 | Build | Palisade Wall |
| 8:46 | Build | Palisade Wall |
| 8:52 | Build | Palisade Wall |
| 8:52 | Build | Palisade Wall |
| 9:01 | Age | Feudal Age |
| 9:18 | Queue | Villager (Male) |
| 9:22 | Build | Archery Range |
| 9:30 | Queue | Villager (Male) |
| 9:37 | Build | House |
| 9:52 | Research | Man-at-Arms (upgrade) |
| 9:53 | Research | Man-at-Arms (upgrade) |
| 9:53 | Research | Man-at-Arms (upgrade) |
| 10:02 | Queue | Villager (Male) |
| 10:08 | Build | House |
| 10:13 | Queue | Archer |
| 10:14 | Queue | Archer |
| 10:24 | Queue | Archer |
| 10:41 | Queue | Archer |
| 11:04 | Build | Blacksmith |
| 11:08 | Queue | Villager (Male) |
| 11:13 | Queue | Villager (Male) |
| 11:28 | Queue | Villager (Male) |
| 11:48 | Research | Fletching |
| 11:49 | Research | Fletching |
| 11:51 | Build | House |
| 11:54 | Build | Mill |
| 12:04 | Queue | Archer |
| 12:06 | Queue | Villager (Male) |
| 12:19 | Queue | Archer |
| 12:47 | Queue | Skirmisher |
| 12:47 | Queue | Skirmisher |
| 13:06 | Queue | Villager (Male) |
| 13:09 | Build | Farm |
| 13:10 | Build | Farm |
| 13:10 | Queue | Villager (Male) |
| 13:11 | Queue | Villager (Male) |
| 13:16 | Queue | Skirmisher |
| 13:27 | Research | Padded Archer Armor |
| 13:28 | Queue | Villager (Male) |
| 13:43 | Build | Farm |
| 14:05 | Queue | Archer |
| 14:35 | Queue | Villager (Male) |
| 14:35 | Queue | Villager (Male) |
| 14:49 | Queue | Villager (Male) |
| 14:51 | Build | House |
| 15:28 | Queue | Villager (Male) |
| 15:37 | Build | Market |
| 15:49 | Queue | Militia |
| 15:50 | Queue | Militia |
| 16:03 | Build | House |
| 16:46 | Queue | Villager (Male) |
| 17:12 | Research | Castle Age |
| 17:12 | Research | Castle Age |
| 18:07 | Build | Mining Camp |
| 18:14 | Queue | Militia |
| 18:14 | Queue | Militia |
| 18:59 | Queue | Militia |
| 19:52 | Age | Castle Age |
| 20:36 | Queue | Villager (Male) |
| 20:44 | Build | Castle |
| 20:49 | Queue | Villager (Male) |
| 20:56 | Queue | Villager (Male) |
| 21:09 | Queue | Villager (Male) |
| 21:12 | Build | Farm |
| 21:36 | Queue | Conquistador |
| 21:36 | Queue | Conquistador |
| 22:06 | Build | Siege Workshop |
| 22:12 | Queue | Conquistador |
| 22:25 | Build | House |
| 23:01 | Queue | Mangonel |
| 23:01 | Queue | Mangonel |
| 23:02 | Queue | Mangonel |
| 23:27 | Build | Farm |
| 24:48 | Queue | Conquistador |
| 24:58 | Queue | Villager (Male) |
| 25:11 | Queue | Mangonel |
| 25:12 | Queue | Mangonel |
| 26:04 | Queue | Conquistador |
| 26:17 | Queue | Mangonel |
| 26:20 | Build | Farm |
| 26:21 | Build | Farm |
| 27:10 | Queue | Villager (Male) |
Match timeline
| 4:19 | Learning · first_building Barracks |
| 4:46 | CTM | Pentrus · first_building Barracks |
| 5:49 | Learning · wall_segment Palisade Wall x1 |
| 5:55 | Learning · wall_segment Palisade Wall x1 |
| 5:55 | Learning · wall_segment Palisade Wall x1 |
| 7:04 | Learning · wall_segment Palisade Wall x2 |
| 8:33 | Learning · wall_segment Palisade Wall x1 |
| 8:35 | Learning · wall_segment Palisade Wall x1 |
| 8:40 | Learning · wall_segment Palisade Wall x1 |
| 8:42 | CTM | Pentrus · wall_segment Palisade Wall x1 |
| 8:44 | CTM | Pentrus · wall_segment Palisade Wall x1 |
| 8:46 | CTM | Pentrus · wall_segment Palisade Wall x1 |
| 8:52 | CTM | Pentrus · wall_segment Palisade Wall x1 |
| 8:52 | CTM | Pentrus · wall_segment Palisade Wall x1 |
| 9:01 | CTM | Pentrus · age_up feudal |
| 9:22 | CTM | Pentrus · first_building Archery Range |
| 10:25 | Learning · age_up feudal |
| 11:24 | Learning · first_market_sell 500 stone |
| 11:26 | Learning · first_market_buy 100 food |
| 14:00 | Learning · wall_segment Palisade Wall x1 |
| 14:29 | Learning · age_up castle |
| 14:32 | Learning · first_building Siege Workshop |
| 14:47 | Learning · first_building Monastery |
| 16:46 | CTM | Pentrus · first_market_sell 100 wood |
| 16:46 | CTM | Pentrus · first_market_buy 100 food |
| 19:52 | CTM | Pentrus · age_up castle |
| 20:44 | CTM | Pentrus · first_building Castle |
| 22:06 | CTM | Pentrus · first_building Siege Workshop |
| 23:28 | Learning · wall_segment Palisade Wall x1 |
| 27:18 | Learning · resign |
[ AI ANALYSIS · 1 CREDIT ]
What really happened in this match?
Wolo.gg analyzes every decision: build order, eco, micro, common mistakes by bracket. Personalized analysis on WhatsApp or Discord in 30 seconds.
Civ guide
Celts
Perfil
Mr_PrIMeZ